 Dungeon Crawl Stone Soup version 0.28.0-53-g5a82cb258f (console) character file.

Game seed: 6988839361054598241

13372 erker the Cleaver (level 11, -2/103 HPs)
             Began as a Minotaur Fighter on June 10, 2022.
             Was an Elder of Okawaru.
             Slain by an orc warrior
             ... wielding a +0 trident
              (12 damage)
             ... on level 10 of the Dungeon.
             The game lasted 00:33:12 (12611 turns).

erker the Cleaver (Minotaur Fighter)               Turns: 12611, Time: 00:33:13

Health: -2/103     AC: 17    Str: 25    XL:     11   Next: 74%
Magic:  12/12      EV:  9    Int:  5    God:    Okawaru [****..]
Gold:   700        SH:  5    Dex: 10    Spells: 10/10 levels left

rFire   + + .      SeeInvis .   a - +2 hand axe (freeze)
rCold   + . .      Faith    .   c - +0 buckler
rNeg    . . .      Spirit   .   F - +0 plate armour {Will+}
rPois   .          Reflect  .   (helmet unavailable)
rElec   .          Harm     .   u - scarf {rC+ rF+}
rCorr   .          Rampage  .   t - +2 pair of gloves
Will    +....                   (no boots)
Stlth   ..........              (no amulet)
HPRegen 0.27/turn               q - ring of protection from fire
MPRegen 0.13/turn               (no ring)

@: no status effects
A: horns 3, retaliatory headbutt, talons 1, robust 1
a: Renounce Religion, Heroism, Finesse


You were on level 10 of the Dungeon.
You worshipped Okawaru.
Okawaru was greatly pleased with you.
You visited 2 branches of the dungeon, and saw 11 of its levels.

You collected 700 gold pieces.

Inventory:

Hand Weapons
 a - a +2 hand axe of freezing (weapon)
 b - a +2 whip of electrocution
 D - a +2 hand axe of venom
 H - a +1 scimitar of flaming
 I - a +5 whip of holy wrath
Missiles
 v - 5 throwing nets
 x - 29 poisoned darts
 y - 3 curare-tipped darts
 N - 10 silver javelins (quivered)
Armour
 c - a +0 buckler (worn)
 p - a +2 cloak
 r - a +0 scale mail
 t - a +2 pair of gloves (worn)
 u - a scarf of resistance (worn)
 w - a +0 pair of boots
 C - the +2 leather armour of Qazlal's Regard {+Inv rCorr SInv}
   (You found it on level 7 of the Dungeon)

   SInv:      It lets you see invisible.
   +Inv:      It lets you turn invisible.
   rCorr:     It protects you from acid and corrosion.
 F - a +0 plate armour of willpower (worn)
Jewellery
 k - a ring of see invisible
 q - a ring of protection from fire (left hand)
 s - a +6 ring of strength
Wands
 d - a wand of iceblast (3)
 O - a wand of polymorph (1)
Scrolls
 f - 4 scrolls of teleportation {unknown}
 g - 7 scrolls of identify {unknown}
 h - 4 scrolls of immolation {unknown}
 i - 3 scrolls of vulnerability {unknown}
 j - a scroll of fog {unknown}
 l - a scroll of silence {unknown}
 m - a scroll of enchant armour {unknown}
 n - 6 scrolls of enchant weapon {unknown}
 o - a scroll of amnesia {unknown}
 E - a scroll of brand weapon {unknown}
Potions
 e - a potion of berserk rage {unknown}
 z - a potion of magic {unknown}
 A - a potion of heal wounds {unknown}
 B - a potion of lignification
 G - a potion of experience {unknown}
 J - a potion of invisibility {unknown}
 K - a potion of curing
 M - a potion of might
 P - a potion of flight {unknown}
Miscellaneous
 L - a box of beasts


   Skills:
 - Level 8.0 Fighting
 - Level 14.0 Axes
 - Level 6.0 Throwing
 - Level 10.0 Armour
 - Level 8.0 Dodging
 - Level 8.0 Shields
 + Level 2.9 Invocations


You had 10 spell levels left.
You didn't know any spells.
Your spell library contained the following spells:

 Spells                   Type           Power      Damage    Failure   Level
 Beastly Appendage        Tmut           0%         N/A       100%        1
 Magic Dart               Conj           0%         1d3       100%        1
 Pain                     Necr           0%         1d4       100%        1
 Corpse Rot               Necr/Air       0%         N/A       100%        2
 Poisonous Vapours        Pois/Air       0%         N/A       100%        2
 Wereblood                Tmut           0%         N/A       100%        2
 Mephitic Cloud           Conj/Pois/Air  0%         N/A       100%        3
 Spider Form              Tmut/Pois      0%         N/A       100%        3
 Vampiric Draining        Necr           0%         2d6       100%        3
 Dispel Undead            Necr           0%         3d6       100%        4
 Passage of Golubria      Tloc           0%         N/A       100%        4
 Borgnjor's Vile Clutch   Necr/Erth      0%         N/A       100%        5
 Silence                  Hex/Air        0%         N/A       100%        5
 Lehudib's Crystal Spear  Conj/Erth      0%         10d2      100%        8
 Animate Skeleton         Necr           Unusable   N/A       N/A         1
 Call Imp                 Summ           Unusable   N/A       N/A         2
 Animate Dead             Necr           Unusable   N/A       N/A         4
 Death Channel            Necr           Unusable   N/A       N/A         6

Dungeon Overview and Level Annotations

Branches:
Dungeon (10/15)            Temple (1/1) D:5             Orc (0/2) D:10
   Lair: D:8-11

Altars:
Ashenzari
Cheibriados
Dithmenos
Elyvilon
Fedhas
Gozag
Hepliaklqana
Kikubaaqudgha
Makhleb
Nemelex Xobeh
Okawaru
Qazlal
Ru
Sif Muna
Trog
Uskayaw
Vehumet
Wu Jian
Xom
Yredelemnul
Zin
The Shining One

Shops:
D:6 :

Annotations:
D:4 2 transporters, 1 runed translucent door, Crazy Yiuf; dbhg's ghost, amateur MiCK
D:5 2 transporters, SHADDY's ghost, amateur DsFi


Innate Abilities, Weirdness & Mutations

You have a pair of large horns on your head.
You reflexively headbutt those who attack you in melee.
You have sharp toenails.
You are robust. (+10% HP)


Message History

You are too injured to fight recklessly!
You barely miss the gnoll sergeant.
The gnoll sergeant is moderately wounded.
You hit the gnoll sergeant. You freeze the gnoll sergeant.
You barely miss the orc warrior.
The gnoll sergeant hits you from afar with a +0 spear!
You block the gnoll sergeant's attack.
You hit the gnoll sergeant but do no damage.
Your kick misses the gnoll sergeant. You headbutt the gnoll sergeant.
The gnoll sergeant is heavily wounded.
You hit the gnoll sergeant but do no damage.
You hit the orc warrior. You freeze the orc warrior.
The gnoll sergeant hits you with a +3 trident.
The orc warrior hits you with a +0 trident.
The gnoll barely misses you. The gnoll sergeant barely misses you.
You barely miss the gnoll sergeant.
Your headbutt misses the gnoll sergeant.
The gnoll sergeant is heavily wounded.
You hit the gnoll sergeant but do no damage.
You hit the orc warrior but do no damage.
You block the gnoll sergeant's attack. The gnoll sergeant barely misses you.
The orc warrior hits you with a +0 trident.
The gnoll closely misses you.
You hit the gnoll sergeant. You freeze the gnoll sergeant.
Your kick misses the gnoll sergeant.
You headbutt the gnoll sergeant, but do no damage.
The gnoll sergeant is heavily wounded.
You barely miss the gnoll sergeant. You hit the orc warrior.
You freeze the orc warrior.
The gnoll sergeant hits you from afar with a +0 spear.
* * * LOW HITPOINT WARNING * * *
The gnoll sergeant hits you with a +2 spear of flaming!
* * * LOW HITPOINT WARNING * * *
The gnoll sergeant hits you from afar with a +3 trident!
* * * LOW HITPOINT WARNING * * *
The gnoll sergeant hits you from afar with a +2 spear of flaming.
* * * LOW HITPOINT WARNING * * *
The orc warrior hits you but does no damage.
The orc warrior hits you from afar with a +0 trident!
You die...

.).# #......... ...# ############
###....... ..## #....#8...8#[.
#.#####... ### #.####..g..##.
##.## ##.. ######.####ggoK.##.##
##.# #.. ..........#o.gTg# #.##
##.## #.. ######.#.##8gg.8#
#..###..# #.#
####.#####O#####.#.#.#.# #.#
#........))o.@.#..#.##.####^..
#.##.#########...#.##...##.###
#.##.# #.####..#...#....# #
####.##.######.######.##...##.###
.....##.#..................###...
######.#..####.#####...#...# ##(#
#####.###.## #.# #...##### #)#
.....## ##.###.#####...# ###.#
#####.###.###.........)######....


You could see an orc warrior and an ogre.

Vanquished Creatures
  Harold (D:7)
  Erica (D:8)
  3 two-headed ogres
  Urug (D:10)
  Pikel (D:5)
  A cyclops (D:9)
  Joseph (D:8)
  An efreet (D:10)
  3 kobold demonologists (D:10)
  Psyche (D:10)
  Grinder (D:5)
  Prince Ribbit (D:5)
  Sigmund (D:5)
  5 yaks (D:9)
  Grum (D:9)
  2 wyverns
  5 steam dragons
  Eustachio (D:4)
  6 water moccasins
  3 orc warriors
  An ice beast (D:6)
  5 sky beasts
  2 black bears (D:4)
  7 ogres
  A necrophage (D:7)
  3 wolves (D:9)
  2 centaurs
  7 kobold brigands
  2 phantoms
  Blork the orc (D:5)
  A bullfrog (D:7)
  3 scorpions
  A wyvern skeleton (D:5)
  A jelly (D:7)
  4 howler monkeys
  A centaur zombie (D:9)
  A hound (D:6)
  2 centaur skeletons
  3 orc priests
  A gnoll shaman (D:6)
  5 iguanas
  10 orc wizards
  2 howler monkey zombies
  9 gnolls
  7 adders
  3 white imps (D:7)
  An ufetubus (D:6)
  An adder zombie (D:5)
  2 worms
  A dart slug (D:1)
  27 orcs
  A bat zombie (D:3)
  6 endoplasms
  2 giant cockroaches (D:4)
  7 goblins
  5 hobgoblins
  6 jackals
  12 kobolds
  4 quokkas
  5 ball pythons
  5 bats
  4 frilled lizards
  A jackal skeleton (D:4)
  2 rats (D:3)
217 creatures vanquished.

Vanquished Creatures (others)
  Maurice (D:10)
1 creature vanquished.

Grand Total: 218 creatures vanquished

Notes
Turn   | Place    | Note
-------+----------+-------------------------------------------
     0 | D:1      | erker the Minotaur Fighter began the quest for the Orb.
     0 | D:1      | Reached XP level 1. HP: 19/19 MP: 0/0
   512 | D:1      | Found a faded altar of an unknown god.
   528 | D:1      | Reached XP level 2. HP: 27/27 MP: 1/1
  1223 | D:2      | Noticed a phantom
  1241 | D:2      | Killed a phantom
  1242 | D:2      | Reached skill level 3 in Axes
  1242 | D:2      | Reached XP level 3. HP: 14/33 MP: 2/2
  1242 | D:2      | Reached XP level 4. HP: 17/40 MP: 3/3
  2263 | D:3      | Reached skill level 4 in Axes
  2292 | D:3      | Reached XP level 5. HP: 42/47 MP: 4/4
  2596 | D:3      | Found a sacrificial altar of Ru.
  2788 | D:3      | Found an ancient bone altar of Kikubaaqudgha.
  2918 | D:3      | Found a broken altar of Ashenzari.
  3031 | D:4      | Found a transporter.
  3041 | D:4      | Noticed dbhg's ghost (amateur MiCK)
  3112 | D:4      | Reached skill level 5 in Armour
  3130 | D:4      | Reached skill level 1 in Dodging
  3132 | D:4      | Gained mutation: You have hidden genetic potential. [potion
                  | of mutation]
  3132 | D:4      | Gained mutation: You have a pair of large horns on your
                  | head. [potion of mutation]
  3132 | D:4      | HP: 2/47 [something (3)]
  3137 | D:4      | Reached XP level 6. HP: 3/53 MP: 5/5
  3146 | D:4      | HP: 3/79 [something (2)]
  3501 | D:4      | Found a transporter.
  3538 | D:4      | Noticed a +0 dagger
  3539 | D:4      | Noticed a +0 hand axe
  3543 | D:4      | Found a hide-covered altar of Uskayaw.
  3570 | D:4      | Noticed Eustachio
  3620 | D:4      | Killed Eustachio
  3621 | D:4      | Reached skill level 5 in Axes
  3641 | D:4      | Gained mutation: You have sharp toenails. [hidden
                  | potential]
  3990 | D:4      | Found a shimmering blue altar of Sif Muna.
  3990 | D:4      | Found a snail-covered altar of Cheibriados.
  4076 | D:4      | Reached skill level 5 in Fighting
  4113 | D:4      | Reached skill level 5 in Shields
  4113 | D:4      | Reached XP level 7. HP: 23/61 MP: 6/6
  4392 | D:4      | Found a runed translucent door.
  4393 | D:4      | Noticed Crazy Yiuf
  4457 | D:4      | Found a shimmering altar of Xom.
  4686 | D:4      | Reached skill level 6 in Axes
  4763 | D:4      | Gained mutation: You are robust. (+10% HP) [hidden
                  | potential]
  4763 | D:4      | Lost mutation: You have hidden genetic potential. [hidden
                  | potential expressed]
  4980 | D:5      | Entered Level 5 of the Dungeon
  5335 | D:5      | Reached skill level 7 in Axes
  5349 | D:5      | Reached XP level 8. HP: 47/77 MP: 7/7
  5512 | D:5      | Found a transporter.
  5516 | D:5      | Noticed SHADDY's ghost (amateur DsFi)
  5517 | D:5      | Found a transporter.
  5973 | D:5      | Noticed Prince Ribbit
  5981 | D:5      | Killed Prince Ribbit
  5982 | D:5      | Reached skill level 8 in Axes
  6063 | D:5      | Noticed Blork the orc
  6070 | D:5      | Killed Blork the orc
  6185 | D:5      | Noticed Pikel
  6187 | D:5      | Noticed Grinder
  6193 | D:5      | Killed Pikel
  6194 | D:5      | Reached skill level 9 in Axes
  6194 | D:5      | Reached XP level 9. HP: 86/86 MP: 8/8
  6206 | D:5      | Killed Grinder
  6229 | D:5      | Found a staircase to the Ecumenical Temple.
  6238 | Temple   | Entered the Ecumenical Temple
  6374 | D:5      | Noticed Sigmund
  6386 | D:5      | Killed Sigmund
  7168 | D:6      | Found a radiant altar of Vehumet.
  7233 | D:6      | Found Takalua's Self-Improvement Boutique.
  7255 | D:6      | Reached skill level 10 in Axes
  7258 | D:6      | Reached skill level 5 in Dodging
  8136 | D:7      | Found an iron altar of Okawaru.
  8142 | D:7      | Became a worshipper of Warmaster Okawaru
  8349 | D:7      | Reached XP level 10. HP: 84/96 MP: 9/9
  8498 | D:7      | Noticed Harold
  8527 | D:7      | Killed Harold
  8527 | D:7      | Reached * piety under Okawaru
  8528 | D:7      | Reached skill level 1 in Throwing
  8540 | D:7      | Identified the +2 leather armour of Qazlal's Regard {+Inv
                  | rCorr SInv}
  8837 | D:7      | Found an ornate altar of the Wu Jian Council.
  8981 | D:8      | Noticed Joseph
  8996 | D:8      | Killed Joseph
  9373 | D:8      | Found a bloodstained altar of Trog.
  9380 | D:8      | Noticed Erica
  9390 | D:8      | Killed Erica
  9390 | D:8      | Reached ** piety under Okawaru
  9391 | D:8      | Reached skill level 5 in Throwing
  9792 | D:9      | Noticed a cyclops
  9804 | D:9      | Killed a cyclops
  9929 | D:9      | Noticed Grum
  9932 | D:9      | Reached skill level 11 in Axes
  9936 | D:9      | Killed Grum
 10318 | D:9      | Reached *** piety under Okawaru
 10319 | D:9      | Reached XP level 11. HP: 92/103 MP: 10/10
 10434 | D:9      | Noticed a two-headed ogre
 10456 | D:9      | Killed a two-headed ogre
 10457 | D:9      | Reached skill level 12 in Axes
 11156 | D:10     | Entered Level 10 of the Dungeon
 11237 | D:10     | Noticed a two-headed ogre
 11239 | D:10     | Received a gift from Okawaru
 11257 | D:10     | Killed a two-headed ogre
 11258 | D:10     | Reached skill level 10 in Armour
 11262 | D:10     | Noticed a sun demon
 11275 | D:10     | Noticed Maurice
 11284 | D:10     | Reached **** piety under Okawaru
 11591 | D:10     | Killed Maurice
 11755 | D:10     | Reached skill level 13 in Axes
 11902 | D:10     | Noticed a two-headed ogre
 11925 | D:10     | Killed a two-headed ogre
 11964 | D:10     | Found an opulent altar of Gozag.
 12034 | D:10     | Noticed Psyche
 12044 | D:10     | Killed Psyche
 12079 | D:10     | Noticed Urug
 12090 | D:10     | Killed Urug
 12090 | D:10     | Received a gift from Okawaru
 12091 | D:10     | Reached skill level 14 in Axes
 12311 | D:10     | Reached skill level 1 in Invocations
 12584 | D:10     | Found a staircase to the Orcish Mines.
 12611 | D:10     | Slain by an orc warrior

Illustrated notes

Levels and vault maps discovered:
D:1:      onia_arrival_mini_maze, layout_basic,
          ebering_ecumenical_altar_sacrificial, chequers_serial_rivers_marsh
D:2:      layout_loops_ring, minmay_misc_feat_hallway
D:3:      layout_basic, lemuel_zombie_altar_kikubaaqudgha,
          mainiacjoe_overflow_catwalk_spiral, st_stairs_13, minmay_misc_feat_chi
D:4:      minmay_chambers_of_twos, layout_loops_cross,
          mainiacjoe_overflow_small_starburst, dancing_weapons_uskayaw,
          gammafunk_temple_overflow_statue, gammafunk_ghost_stat_death,
          roderic_roman_lattice, hangedman_decor_clover_reticule,
          minmay_a_box_with_orc_wizards_in_it, uniq_crazy_yiuf_cottage,
          uniq_eustachio
D:5:      layout_cave_pods, temple_fountains, gammafunk_ghost_arena,
          chequers_serial_rivers_small_a, chequers_serial_rivers_small_3,
          kennysheep_boxes, uniq_pikel, uniq_blork_the_orc, uniq_sigmund,
          uniq_prince_ribbit1, uniq_grinder
D:6:      layout_basic, kennysheep_little_box, nicolae_shop_self_help
D:7:      layout_loops_corners, mainiacjoe_overflow_alcove_4,
          mainiacjoe_overflow_24_doors, uniq_harold
D:8:      layout_rooms, trog_three_pillars_becter, uniq_joseph, uniq_erica
D:9:      layout_loops_corners, kennysheep_decorative_pillar,
          hangedman_misty_isle, uniq_grum
D:10:     layout_loops_ring, mainiacjoe_overflow_alcove_1,
          kennysheep_orc_monster_closet_entryway, grunt_ministairs_15,
          minmay_nine_imps, uniq_maurice, uniq_urug, uniq_psyche
Temple:   cyrus_temple_forest

Skill      XL: |  1  2  3  4  5  6  7  8  9 10 11 |
---------------+----------------------------------+-----
Armour         | 4 5 6 8 10 | 10.0
Fighting       | 4 5 7 8 |  8.0
Axes           | 3 4 5 7 9 10 11 14 | 14.0
Shields        | 4 5 7 8 |  8.0
Dodging        | 1 2 3 6 8 |  8.0
Throwing       | 6 |  6.0
Invocations    | 2 |  2.9

Action                   |  1- 3 |  4- 6 |  7- 9 | 10-12 || total
-------------------------+-------+-------+-------+-------++-------
Melee: War axe           |    39 |   160 |    38 |       ||   237
       Headbutt          |     6 |    17 |    42 |    68 ||   133
       Whip              |       |     8 |   176 |   137 ||   321
       Kick              |       |     4 |    56 |    89 ||   149
       Hand axe          |       |       |       |   135 ||   135
Throw: Dart              |       |       |       |    19 ||    19
       Javelin           |       |       |       |     4 ||     4
Invok: Heroism           |       |       |       |     2 ||     2
  Use: Potion            |       |     3 |       |       ||     3
Armor: Scale mail        |    17 |   108 |    73 |     7 ||   205
       Skin              |       |    19 |       |       ||    19
       Plate armour      |       |       |       |    79 ||    79
Dodge: Dodged            |    19 |    68 |    89 |    70 ||   246
Block: Buckler           |     4 |    24 |    47 |    51 ||   126
